 Dungeon Crawl Stone Soup version 0.30.1-11-g7821555f0a (webtiles) character file.

Game seed: 12663117959595786573

1383 Cheops the Destroyer (level 8, -3/46 HPs)
             Began as an Octopode Conjurer on Dec 2, 2023.
             Slain by a scorpion (5 damage)
             ... on level 5 of the Dungeon on Dec 3, 2023.
             The game lasted 00:11:41 (6055 turns).

Cheops the Destroyer (Octopode Conjurer)            Turns: 6055, Time: 00:11:42

Health: -3/46      AC:  1    Str:  7    XL:     8   Next: 67%
Magic:  10/14      EV: 12    Int: 20    God:
Gold:   325        SH:  5    Dex: 12    Spells: 1/15 levels left

rFire   . . .        a - +2 dagger (speed)
rCold   . . .        r - +0 buckler
rNeg    . . .        (helmet restricted)
rPois   .            (no amulet)
rElec   .            (no ring)
rCorr   .            (no ring)
SInv    .            (no ring)
Will    .....        (no ring)
Stlth   +++          (no ring)
HPRegen 0.27/turn    (no ring)
MPRegen 0.14/turn    (no ring)
                     (no ring)

%: no passive effects
@: lethally poisoned (-3 -> -10), attractive
A: almost no armour, amphibious, 8 rings, camouflage 1, gelatinous body 1,
(nimble swimmer 1), tentacles
a: no special abilities


You were on level 5 of the Dungeon.
You visited 1 branch of the dungeon, and saw 5 of its levels.

You collected 325 gold pieces.

Inventory:

Hand Weapons
 a - a +2 dagger of speed (weapon)
 b - a +2 dagger of flaming
Armour
 r - a +0 buckler (worn)
 v - an orb of light
Scrolls
 d - 2 scrolls of fog
 f - 2 scrolls of magic mapping {unknown}
 g - 2 scrolls of amnesia {unknown}
 h - 2 scrolls of immolation {unknown}
 i - 2 scrolls of summoning
 k - 2 scrolls of identify
 m - 2 scrolls of teleportation {unknown}
 o - a scroll of enchant armour {unknown}
 q - a scroll of fear {unknown}
Potions
 c - a potion of might {unknown}
 e - a potion of magic
 j - a potion of berserk rage
 n - a potion of attraction
 p - a potion of ambrosia {unknown}
 s - a potion of haste {unknown}
 t - a potion of resistance {unknown}
 u - a potion of heal wounds {unknown}


   Skills:
 - Level 2.0 Dodging
 - Level 2.6 Stealth
 - Level 4.0 Shields
 - Level 4.0 Spellcasting
 - Level 9.0 Conjurations
 + Level 2.0 Hexes
 + Level 2.0 Translocations


You had one spell level left.
You knew the following spells:

 Your Spells              Type           Power      Damage    Failure   Level
a - Magic Dart            Conj           100%       1d8       1%          1
b - Searing Ray           Conj           80%        2d7       1%          2
d - Dazzling Flash        Conj/Hex       52%        N/A       6%          3
i - Iskenderun's Mystic   Conj/Tloc      26%        2d7       21%         4
p - Fulminant Prism       Conj/Hex       13%        3d9       21%         4

Your spell library contained the following spells:

 Spells                   Type           Power      Damage    Failure   Level
 Sublimation of Blood     Necr           4%         N/A       30%         2
 Wereblood                Tmut           4%         N/A       30%         2
 Summon Hydra             Summ           2%         N/A       100%        7


Dungeon Overview and Level Annotations

Branches:
Dungeon (5/15)             Temple (0/1) D:5

Altars:
Gozag
Kikubaaqudgha
Nemelex Xobeh
Sif Muna
Trog

Shops:
D:5 (

Annotations:
D:5 2 runed translucent doors, rundlesten's ghost, novice OpHW


Innate Abilities, Weirdness & Mutations

You cannot wear most types of armour.
You are amphibious.
You can wear up to eight rings at the same time.
Your skin changes colour to match your surroundings (Stealth+).
Your rubbery body absorbs attacks. (AC +1, EV +1)
((You are camouflaged when in or above water. (Stealth+)))
You have tentacles for arms and can constrict up to eight enemies at once.


Message History

You constrict the scorpion, but do no damage.
You feel very sick. The scorpion stings you.
* * * LOW HITPOINT WARNING * * *
You hit the scorpion.
The scorpion is moderately wounded.
You constrict the scorpion.
You feel sick. The scorpion stings you!
* * * LOW HITPOINT WARNING * * *
You are lethally poisoned!
The scorpion poisons you!
You hit the scorpion but do no damage.
The scorpion is moderately wounded.
You constrict the scorpion.
* * * LOW HITPOINT WARNING * * *
You feel very sick. The scorpion stings you.
* * * LOW HITPOINT WARNING * * *
It was a potion of attraction.
You feel attractive to monsters.
You constrict the scorpion.
* * * LOW HITPOINT WARNING * * *
You feel very sick. You block the scorpion's attack.
Okay, then.
Okay, then.
Okay, then.
It was a potion of curing.
You feel better.
You constrict the scorpion. The scorpion closely misses you.
The scorpion stings you.
* * * LOW HITPOINT WARNING * * *
You are lethally poisoned!
The scorpion poisons you!
Okay, then.
As you read the scroll labelled MUJECWE EROSMILIH, it crumbles to dust.
It is a scroll of identify.
d - 2 scrolls of fog You constrict the scorpion.
* * * LOW HITPOINT WARNING * * *
You feel very sick. The scorpion stings you.
You die...

.#####.###########†######## ..##
#.# #...............# #..# #.#
#...............# ...# #.#
#....#######....# ...###.#
#....#$.ssB#....# #...##.#
#....'..sb.+....# ##.....#
#...†#ss.sb#....####### .##....#
#....#######....#......
W.##...####....s@....()...######.
..⌠#......#...............#### #.
..##...###########'#########.###.
.##...<# #..# #....# #.........
##...#.# #..# #..#.# ##.##.####
#...##.# #..###†.#.# #.##.#
....##.####..#.#..#.# #.##.#
................†...# #.##.#
............##.##...# #.##.####


You could see a scorpion.

Vanquished Creatures
  2 ogres (D:5)
  9 scorpions
  A howler monkey (D:5)
  A jelly (D:4)
  2 hounds
  A gnoll bouda (D:4)
  2 orc priests
  Jessica (D:2)
  2 orc wizards
  Natasha (twice) (D:2)
  4 iguanas
  Robin (D:2)
  8 gnolls
  7 adders
  2 worms
  12 orcs
  8 ball pythons
  11 endoplasms
  2 giant cockroaches
  6 hobgoblins
  2 jackals (D:5)
  3 kobolds
  2 quokkas
  2 bats
  7 frilled lizards
  17 goblins
  8 rats
  2 butterflies (D:5)
127 creatures vanquished.

Notes
Turn   | Place    | Note
-------+----------+-------------------------------------------
     0 | D:1      | Cheops the Octopode Conjurer began the quest for the Orb.
     0 | D:1      | Reached XP level 1. HP: 11/11 MP: 3/3
   257 | D:1      | Reached XP level 2. HP: 17/17 MP: 0/5
   641 | D:1      | Learned a level 2 spell: Searing Ray
   997 | D:2      | Noticed Jessica
  1003 | D:2      | Killed Jessica
  1004 | D:2      | Reached XP level 3. HP: 21/21 MP: 0/7
  1164 | D:2      | Noticed Robin
  1185 | D:2      | Reached XP level 4. HP: 27/27 MP: 0/8
  1224 | D:2      | Noticed Natasha
  1229 | D:2      | Killed Natasha
  1230 | D:2      | Reached skill level 5 in Conjurations
  1329 | D:2      | Noticed Natasha
  1578 | D:2      | Killed Robin
  1579 | D:2      | Reached XP level 5. HP: 31/31 MP: 0/9
  1610 | D:2      | Killed Natasha
  2069 | D:3      | Reached skill level 6 in Conjurations
  2334 | D:3      | Identified the +0 ring mail "Qihoomu" {Contam Harm rElec
                  | rPois}
  2347 | D:3      | Found a sparkling altar of Nemelex Xobeh.
  2727 | D:3      | Reached XP level 6. HP: 36/36 MP: 7/10
  2963 | D:3      | Reached skill level 7 in Conjurations
  3703 | D:4      | Reached XP level 7. HP: 41/41 MP: 1/11
  3942 | D:4      | Reached skill level 8 in Conjurations
  4297 | D:5      | Entered Level 5 of the Dungeon
  4516 | D:5      | Noticed rundlesten's ghost (novice OpHW)
  4520 | D:5      | Found a runed translucent door.
  4522 | D:5      | Found a staircase to the Ecumenical Temple.
  4659 | D:5      | Found a bloodstained altar of Trog.
  4690 | D:5      | Found a large runed translucent door.
  4691 | D:5      | Found a large runed translucent door.
  4818 | D:5      | Found a runed translucent door.
  4820 | D:5      | Found a runed translucent door.
  4966 | D:5      | Found Kyach's Hydra Hut.
  4967 | D:5      | Noticed a five-headed hydra
  5131 | D:5      | Found an opulent altar of Gozag.
  5158 | D:5      | Reached XP level 8. HP: 22/46 MP: 6/12
  5652 | D:5      | Learned a level 4 spell: Iskenderun's Mystic Blast
  5656 | D:5      | Learned a level 3 spell: Dazzling Flash
  5661 | D:5      | Learned a level 4 spell: Fulminant Prism
  5699 | D:5      | Found a shimmering blue altar of Sif Muna.
  5702 | D:5      | Found an ancient bone altar of Kikubaaqudgha.
  5915 | D:5      | Reached skill level 9 in Conjurations
  5926 | D:5      | Reached skill level 1 in Hexes
  5926 | D:5      | Reached skill level 1 in Translocations
  6055 | D:5      | HP: 2/46 [poisoned by a scorpion]
  6055 | D:5      | Slain by a scorpion

Illustrated notes

Levels and vault maps discovered:
D:1:      dpeg_arrival_line_fractal, layout_rooms
D:2:      layout_basic, uniq_natasha, uniq_robin, uniq_jessica
D:3:      layout_basic, nemelex_spade_bored_becter, minmay_close_crescents
D:4:      minmay_recursive_quarters, layout_rooms, hex_intersection
D:5:      lemuel_insect_pit, layout_loops_ring, lemuel_doored_altar,
          trog_butcher_becter, jmf_multi_god_temple2,
          minmay_temple_entry_purple_smoke, hellmonk_ghost_happy_afterlife,
          corexii_hall_statues_l, doesnt_shop_hydraphobe

Skill      XL: |  1  2  3  4  5  6  7  8 |
---------------+-------------------------+-----
Spellcasting   | 3 4 |  4.0
Conjurations   | 5 6 7 8 9 |  9.0
Shields        | 4 |  4.0
Hexes          | 2 |  2.0
Translocations | 2 |  2.0
Dodging        | |  2.0
Stealth        | |  2.6

Action                     |  1- 3 |  4- 6 |  7- 9 || total
---------------------------+-------+-------+-------++-------
  Melee: Dagger            |       |    12 |     7 ||    19
         Constrict         |       |     4 |     4 ||     8
         Tentacles         |       |     2 |     4 ||     6
   Cast: Magic Dart        |    57 |   101 |    23 ||   181
         Searing Ray       |       |    10 |    28 ||    38
    Use: Scroll            |       |       |     2 ||     2
         Potion            |       |       |     3 ||     3
   Stab: Sleeping          |       |       |     1 ||     1
 Armour: Skin              |     1 |     2 |     2 ||     5
  Dodge: Dodged            |     1 |    23 |    15 ||    39
  Block: Buckler           |       |       |     7 ||     7
